 Dungeon Crawl Stone Soup version 0.28.0-53-g5a82cb258f (webtiles) character file.

Game seed: 12413274568076073060

91 moldycheese5 the Skirmisher (level 4, -3/36 HPs)
             Began as a Demonspawn Abyssal Knight on June 17, 2022.
             Was a Believer of Lugonu.
             Slain by an ogre
             ... wielding a +0 giant spiked club
              (17 damage)
             ... on level 3 of the Dungeon.
             The game lasted 00:03:46 (2650 turns).

moldycheese5 the Skirmisher (DsAK)                  Turns: 2650, Time: 00:03:46

Health: -3/36      AC:  6    Str: 13    XL:     4   Next: 34%
Magic:  0/6        EV:  9    Int: 12    God:    Lugonu [**....]
Gold:   125        SH:  0    Dex: 15    Spells: 3/3 levels left

rFire   . . .      SeeInvis .   a - +1 falchion
rCold   . . .      Faith    .   (no shield)
rNeg    . . .      Spirit   +   k - +0 scale mail
rPois   .          Reflect  .   (no helmet)
rElec   .          Harm     .   (no cloak)
rCorr   .          Rampage  .   (no gloves)
Will    .....                   (no boots)
Stlth   ..........              e - amulet of guardian spirit
HPRegen 0.12/turn               (no ring)
MPRegen 0.10/turn               (no ring)

@: no status effects
A: spiny 1
a: Renounce Religion, Depart the Abyss, Bend Space


You were on level 3 of the Dungeon.
You worshipped Lugonu.
Lugonu was pleased with you.
You visited 1 branch of the dungeon, and saw 3 of its levels.
You visited the Abyss 1 time.

You collected 125 gold pieces.

Inventory:

Hand Weapons
 a - a +1 falchion (weapon)
Armour
 b - a +0 leather armour
 d - a +0 ring mail
 k - a +0 scale mail (worn)
Jewellery
 e - an amulet of guardian spirit (around neck)
 m - an amulet of the acrobat
Scrolls
 c - a scroll of identify
 h - a scroll of silence
 i - 2 scrolls of fog
 j - a scroll of teleportation
Potions
 f - a potion of cancellation
 g - a potion of heal wounds
 l - 2 potions of resistance
 n - a potion of flight {unknown}


   Skills:
 + Level 3.6 Fighting
 + Level 2.9 Long Blades
 + Level 2.5 Armour
 + Level 1.1 Dodging
 + Level 0.1 Stealth
 + Level 2.8 Invocations


You had 3 spell levels left.
You didn't know any spells.
Your spell library contained the following spells:

 Spells                   Type           Power      Damage    Failure   Level
 Animate Dead             Necr           0%         N/A       100%        4
 Haunt                    Necr/Summ      0%         N/A       100%        7
 Infestation              Necr           0%         N/A       100%        8


Dungeon Overview and Level Annotations

Branches:
Dungeon (3/15)

Altars:


Innate Abilities, Weirdness & Mutations

You are partially covered in sharp spines.


Message History

You hit the goblin but do no damage. The goblin is struck by your spines.
You kill the goblin!
Lugonu accepts your kill.
No target in view!
No target in view!
You see here a +0 dagger.
Found a stone staircase leading down.
An endoplasm comes into view.
The endoplasm quivers.
An endoplasm is nearby!
An endoplasm is nearby!
An endoplasm is nearby!
You hit the endoplasm.
The endoplasm is heavily wounded.
The endoplasm freezes you.
You are frozen.
The endoplasm is struck by your spines.
You kill the endoplasm!
Lugonu accepts your kill.
No target in view!
No target in view!
Found an escape hatch in the ceiling.
An ogre comes into view. It is wielding a +0 giant spiked club.
An ogre is nearby!
An ogre is nearby!
The ogre is struck by your spines. The ogre hits you but does no damage.
You completely miss the ogre.
The ogre is lightly wounded.
The ogre is struck by your spines.
The ogre hits you with a +0 giant spiked club!!
Ouch! That really hurt!
You are too injured to fight recklessly!
You are too injured to fight recklessly!
You are too injured to fight recklessly!
You are too injured to fight recklessly!
You are too injured to fight recklessly!
You closely miss the ogre.
The ogre is moderately wounded.
The ogre is struck by your spines.
The ogre hits you with a +0 giant spiked club!!
You die...

####### # # #
####### # #.....#
#..#..# #..#..# .#
#..#..# .# ##@##.##
.# #O.#..# .#
#..#..##.#.#
#..#..##.#.#
...#.....#.#
##########..#.#
..............# ###
##########....# #..
##...b.bb...#######


You could see an ogre.

Vanquished Creatures
  A centaur skeleton (D:2)
  2 worms (D:2)
  2 dart slugs (D:2)
  An orc (D:3)
  5 bats
  7 endoplasms
  A giant cockroach (D:2)
  5 hobgoblins
  2 kobolds (D:2)
  A quokka (D:2)
  8 ball pythons
  3 frilled lizards (D:1)
  6 goblins
  6 rats
50 creatures vanquished.

Notes
Turn   | Place    | Note
-------+----------+-------------------------------------------
     0 | Abyss:1  | moldycheese5 the Demonspawn Abyssal Knight began the quest
                  | for the Orb.
     0 | Abyss:1  | Reached XP level 1. HP: 18/18 MP: 2/2
     0 | D:1      | Escaped the Abyss
   191 | D:1      | Gained mutation: You are partially covered in sharp spines.
                  | [demonic ancestry]
   191 | D:1      | Reached XP level 2. HP: 24/24 MP: 3/3
   191 | D:1      | Reached * piety under Lugonu
   946 | D:2      | Reached XP level 3. HP: 16/29 MP: 5/5
  1171 | D:2      | Reached skill level 1 in Dodging
  1440 | D:2      | Reached XP level 4. HP: 36/36 MP: 6/6
  1890 | D:2      | Reached ** piety under Lugonu
  2645 | D:3      | Noticed an ogre
  2650 | D:3      | Slain by an ogre

Illustrated notes

Levels and vault maps discovered:
D:1:      zelgadis_glass_arrival_small, layout_loops_ring
D:2:      layout_loops_ring
D:3:      minmay_angry_zag, layout_basic, mainiacjoe_overflow_swirl,
          xom_butterflies, shapermc_ecumenical_altar_notcrosses, minmay_puff

Skill      XL: |  1  2  3 |
---------------+----------+-----
Armour         | 2 |  2.5
Long Blades    | 2 |  2.9
Dodging        | 1 |  1.1
Fighting       | |  3.6
Stealth        | |  0.1
Invocations    | |  2.8

Action                   |  1- 3 |  4- 6 || total
-------------------------+-------+-------++-------
Melee: Falchion          |    69 |    32 ||   101
Invok: Depart the Abyss  |     1 |       ||     1
  Use: Scroll            |       |     6 ||     6
Armor: Ring mail         |    19 |     4 ||    23
       Leather armour    |     2 |       ||     2
       Scale mail        |       |     5 ||     5
Dodge: Dodged            |    33 |    10 ||    43
